 Dungeon Crawl Stone Soup version 0.30-a0-622-gddc90eaa04 (webtiles) character file.

Game seed: 9870870639933473479

18825 BigDaddyOpFi the Protected (level 12, -25/113 HPs)
             Began as an Armataur Berserker on Jan 10, 2023.
             Was an Elder of Trog.
             Annihilated by a tentacled starspawn (28 damage)
             ... on level 3 of the Abyss.
             The game lasted 00:25:01 (16505 turns).

BigDaddyOpFi the Protected (Armataur Berserker)    Turns: 16505, Time: 00:25:02

Health: -25/113    AC: 22    Str: 26    XL:     12   Next: 31%
Magic:  12/12      EV:  7    Int:  8    God:    Trog [****..]
Gold:   1464       SH:  5    Dex: 11    Spells: 11/11 levels left

rFire   + . .      SeeInvis .    p - +4 great mace (drain)
rCold   + . .      Faith    .    (shield currently unavailable)
rNeg    + . .      Spirit   .    k - +1 chain mail
rPois   +          Reflect  +    C - +0 hat
rElec   +          Harm     .    d - +0 cloak
rCorr   +          Roll     +    l - +0 pair of gloves
Will    +....                    s - +1 barding Stlth
                                 e - amulet of reflection
HPRegen 0.38/turn                r - ring of willpower
MPRegen 0.13/turn                D - ring of positive energy

@: mighty, resistant
A: large, rugged brown scales 3, deformed body, armoured tail, roll, long
tongue, awkward tongue, [no potion heal 2]
a: Renounce Religion, Berserk, Trog's Hand, Brothers in Arms


You were on level 3 of the Abyss.
You worshipped Trog.
Trog was greatly pleased with you.
You visited 3 branches of the dungeon, and saw 13 of its levels.
You visited the Abyss 1 time.
You also visited: Bailey.

You collected 1464 gold pieces.

Inventory:

Hand Weapons
 a - the +1 falchion of Mauman {holy, rElec Str+3 Int+3}
   (You found it on level 2 of the Lair of Beasts)

   Str:       It affects your strength (+3).
   Int:       It affects your intelligence (+3).
   rElec:     It insulates you from electricity.
 m - a +4 battleaxe
 p - a +4 great mace of draining (weapon)
 w - a +1 heavy hand axe
Missiles
 x - 27 boomerangs (quivered)
Armour
 d - a +0 cloak (worn)
 k - a +1 chain mail (worn)
 l - a +0 pair of gloves (worn)
 s - a +1 barding (worn)
 C - a +0 hat (worn)
Jewellery
 e - an amulet of reflection (around neck)
 r - a ring of willpower (left hand)
 y - an amulet of guardian spirit
 D - a ring of positive energy (right hand)
Wands
 f - a wand of flame (22)
 n - a wand of digging (8)
 v - a wand of polymorph (9)
 z - a wand of acid (3)
Scrolls
 c - a scroll of immolation
 g - a scroll of poison
Potions
 j - 2 potions of lignification
 o - a potion of curing
 q - a potion of brilliance
 t - a potion of attraction
 A - a potion of mutation


   Skills:
 + Level 10.0 Fighting
 + Level 6.0(7.4) Axes
 - Level 7.3(8.5) Maces & Flails
 + Level 12.5 Armour
 + Level 8.1 Dodging


You had 11 spell levels left.
You didn't know any spells.
Your spell library was empty.

Dungeon Overview and Level Annotations

Branches:
Dungeon (9/15)             Temple (1/1) D:5            Lair (3/5) D:8
 Shoals (0/4) Lair:2       Bailey (visited)
  Snake: Lair:2-3    Spider: Lair:2-3       Orc: D:9-12

Altars:
Ashenzari
Cheibriados
Dithmenos
Elyvilon
Fedhas
Gozag
Hepliaklqana
Kikubaaqudgha
Makhleb
Nemelex Xobeh
Okawaru
Qazlal
Ru
Sif Muna
Uskayaw
Vehumet
Xom
Yredelemnul
Zin
The Shining One

Shops:
D:8 :

Annotations:
D:3 2 transporters
D:4 2 transporters
Lair:1 exclusion: oklob plant
Lair:2 Sonja


Innate Abilities, Weirdness & Mutations

You are completely covered in rugged brown scales. (AC +3, +7% HP)
Armour fits poorly on your strangely shaped body.
You have a long armoured tail.
You roll when moving toward enemies. (Rampage)
Your long tongue fully drains potion bottles. (2x potion effects)
Your tongue gives you trouble enunciating. (1.5x scroll delay)
[Potions cannot restore your health.]


Message History

The cacodemon shouts!
The orange demon screeches!
The sixfirhy attacks as you move away!
The sixfirhy hits you but does no damage.
The sixfirhy closely misses you. The sixfirhy hits you.
The sixfirhy shocks you. You resist. The sixfirhy hits you.
* * * LOW HITPOINT WARNING * * *
The sixfirhy shocks you. You resist.
* * * LOW HITPOINT WARNING * * *
Tentacles burst from the starspawn's body! 2 starspawn tentacles come into view.
The sixfirhy attacks as you move away!
The sixfirhy hits you but does no damage.
The sixfirhy barely misses you. You block the sixfirhy's attack.
The sixfirhy attacks as you move away!
The sixfirhy hits you but does no damage.
The starspawn tentacle closely misses you.
The sixfirhy barely misses you.
The sixfirhy hits you but does no damage.
The starspawn tentacle grabs you. The starspawn tentacle constricts you.
The starspawn tentacle loses its grip on you.
The sixfirhy hits you!
* * * LOW HITPOINT WARNING * * *
The sixfirhy shocks you. You resist.
* * * LOW HITPOINT WARNING * * *
The sixfirhy barely misses you.
You slurp down every last drop of the coppery potion!
It was a potion of might.
You feel very mighty all of a sudden.
The air fills with toxic fumes!
As you slowly read the scroll of poison, it crumbles to dust.
The sixfirhy barely misses you.
You bludgeon the tentacled starspawn!!
The tentacled starspawn is moderately damaged.
You barely miss the tentacled starspawn.
The tentacled starspawn is moderately damaged.
You block the tentacled starspawn's attack.
The tentacled starspawn tentacle-slaps you!
* * * LOW HITPOINT WARNING * * *
The tentacled starspawn bites you!!
You die...

...#..... ~~.#
.......4#####.#
#...... .§§.##.
##..###.#.§### # . #
# #.# #§## #4.§#§##
.. #.
##...#§§###33§§§....#
#. # §§##2w§..##..#
#..#§###§#X####.# .#
##... . .#§§§§@# #.#
. . .. ##§##§§§§# # .
#.#.#. ###§§## # . .#
.# #§#§ #....##.
§#.## . ##.# ## §§ .
# ##. ## . ...## # #


You could see a cacodemon, a tentacled starspawn, an orange demon, 2 sixfirhies
and a starspawn tentacle (distracted).

Vanquished Creatures
  An orc warlord (Bailey)
  Harold (D:8)
  A two-headed ogre (D:9)
  A death yak (D:8)
  A wretched star (Abyss:3)
  Amaemon (Lair:2)
  A harpy (Lair:2)
  2 orc knights (Bailey)
  Pikel (D:6)
  A manticore (D:7)
  A black mamba (Lair:1)
  4 cane toads
  2 torpor snails (Lair:2)
  An orange demon (Lair:2)
  3 rime drakes
  2 kobold demonologists (D:6)
  2 komodo dragons
  A polar bear (D:9)
  Prince Ribbit (D:6)
  Grinder (D:4)
  7 blink frogs
  10 yaks
  2 wyverns
  A basilisk (Lair:1)
  A steam dragon (D:6)
  A chaos spawn (Abyss:2)
  An acid dragon (D:8)
  3 water moccasins
  2 ice beasts
  2 orc warriors (Bailey)
  3 sky beasts
  4 black bears
  2 ogres
  6 wolves (Lair:1)
  A phantom (D:5)
  4 centaurs
  2 kobold brigands (D:8)
  6 bullfrogs
  2 gnoll sergeants (D:6)
  3 scorpions
  A necrophage (D:4)
  11 wights
  3 killer bees (D:7)
  2 jellies
  4 hounds
  A small abomination (Abyss:2)
  2 gnoll boudas
  3 iguanas
  Natasha (thrice) (D:4)
  4 orc wizards
  15 gnolls
  5 adders
  2 shadow imps (D:6)
  3 white imps
  2 ufetubi
  2 worms
  2 dart slugs
  24 orcs
  7 bats
  3 endoplasms
  4 giant cockroaches
  12 goblins
  6 hobgoblins
  3 jackals (D:5)
  3 quokkas
  7 ball pythons
  4 frilled lizards
  23 kobolds
  3 rats
256 creatures vanquished.

Vanquished Creatures (others)
  A goblin (D:7)
  6 fungi
  18 plants
  3 starspawn tentacles (Abyss:3)
28 creatures vanquished.

Grand Total: 284 creatures vanquished

Notes
Turn   | Place    | Note
-------+----------+-------------------------------------------
     0 | D:1      | BigDaddyOpFi the Armataur Berserker began the quest for the
                  | Orb.
     0 | D:1      | Reached XP level 1. HP: 19/19 MP: 1/1
   309 | D:1      | Reached XP level 2. HP: 26/26 MP: 2/2
  1199 | D:2      | Reached XP level 3. HP: 33/33 MP: 3/3
  1290 | D:2      | Reached ** piety under Trog
  1291 | D:2      | Reached skill level 3 in Armour
  1796 | D:3      | Found a transporter.
  1848 | D:3      | Reached XP level 4. HP: 39/40 MP: 4/4
  2296 | D:3      | Found a transporter.
  2438 | D:4      | Found a transporter.
  2561 | D:4      | Noticed a scorpion
  2583 | D:4      | Killed a scorpion
  2584 | D:4      | Reached XP level 5. HP: 9/48 MP: 5/5
  2887 | D:4      | Found a transporter.
  3031 | D:4      | Reached skill level 4 in Armour
  3116 | D:4      | Reached XP level 6. HP: 32/55 MP: 6/6
  3302 | D:4      | Noticed Natasha
  3312 | D:4      | Killed Natasha
  3326 | D:4      | Noticed Natasha
  3346 | D:4      | Killed Natasha
  3435 | D:4      | Noticed Natasha
  3445 | D:4      | Killed Natasha
  3521 | D:4      | Noticed Grinder
  3528 | D:4      | Paralysed by Grinder for 4 turns
  3538 | D:4      | Killed Grinder
  3539 | D:4      | Reached skill level 5 in Armour
  3539 | D:4      | Reached XP level 7. HP: 49/64 MP: 7/7
  3703 | D:4      | Noticed a fire bat
  3863 | D:5      | Entered Level 5 of the Dungeon
  4042 | D:5      | Found a staircase to the Ecumenical Temple.
  4331 | D:5      | Reached skill level 5 in Fighting
  4331 | D:5      | Reached skill level 5 in Maces & Flails
  4331 | D:5      | Reached XP level 8. HP: 65/72 MP: 8/8
  4635 | D:6      | Reached skill level 6 in Armour
  5080 | D:6      | Noticed Pikel
  5093 | D:6      | Killed Pikel
  5094 | D:6      | Reached skill level 7 in Armour
  5283 | D:6      | Noticed Prince Ribbit
  5297 | D:6      | Killed Prince Ribbit
  5298 | D:6      | Reached XP level 9. HP: 80/80 MP: 9/9
  5404 | D:6      | Noticed a kobold demonologist
  5805 | D:6      | Killed a kobold demonologist
  6553 | D:6      | Found a blossoming altar of Fedhas.
  6558 | D:6      | Reached skill level 5 in Dodging
  6566 | D:6      | Reached skill level 8 in Armour
  6920 | Temple   | Entered the Ecumenical Temple
  7510 | D:7      | Noticed a kobold demonologist
  7511 | D:7      | Noticed an ice devil
  7514 | D:7      | Noticed a red devil
  7645 | D:6      | Killed a kobold demonologist
  7657 | D:7      | Reached *** piety under Trog
  7665 | D:7      | Noticed a manticore
  7666 | D:7      | Found a flagged portal.
  7673 | Bailey   | Entered a bailey
  7817 | Bailey   | Noticed an orc warlord
  8077 | Bailey   | Noticed an orc knight
  8088 | Bailey   | Killed an orc knight
  8153 | Bailey   | Noticed an orc knight
  8173 | Bailey   | Killed an orc knight
  8174 | Bailey   | Reached skill level 9 in Armour
  8174 | Bailey   | Reached XP level 10. HP: 45/92 MP: 10/10
  8316 | Bailey   | Found a runed translucent gate.
  8317 | Bailey   | Found a runed translucent gate.
  8318 | Bailey   | Found a runed translucent gate.
  8460 | Bailey   | Killed an orc warlord
  8461 | Bailey   | Reached skill level 1 in Axes
  8727 | Bailey   | Acquired a +3 great mace of draining
  8751 | D:7      | Killed a manticore
  9854 | D:8      | Reached skill level 10 in Armour
 10279 | D:8      | Found Nofoe's Vocational Training.
 10326 | D:8      | Found a staircase to the Lair.
 10423 | D:8      | Reached **** piety under Trog
 10800 | D:9      | Reached XP level 11. HP: 53/98 MP: 11/11
 11132 | D:9      | Noticed a death yak
 11154 | D:8      | Killed a death yak
 11549 | D:9      | Noticed Harold
 11584 | D:8      | Killed Harold
 11932 | D:9      | Noticed a two-headed ogre
 11942 | D:9      | Killed a two-headed ogre
 12271 | Lair:1   | Entered Level 1 of the Lair of Beasts
 12271 | Lair:1   | Noticed an oklob plant
 12336 | Lair:1   | Reached skill level 11 in Armour
 14073 | Lair:1   | Reached skill level 5 in Axes
 14544 | Lair:2   | Found a staircase to the Shoals.
 14544 | Lair:2   | Noticed a harpy
 14549 | Lair:2   | Killed a harpy
 14637 | Lair:2   | Found a hide-covered altar of Uskayaw.
 14650 | Lair:2   | Acquired 819 gold pieces
 14718 | Lair:2   | Identified the +1 falchion of Mauman {holy, rElec Str+3
                  | Int+3}
 14976 | Lair:2   | Reached skill level 12 in Armour
 14977 | Lair:2   | Reached XP level 12. HP: 112/112 MP: 12/12
 15062 | Lair:2   | Identified the +5 robe of Acvuj {+Blink}
 15079 | Lair:2   | Noticed Amaemon
 15369 | Lair:2   | Killed Amaemon
 15535 | Lair:2   | Found a snail-covered altar of Cheibriados.
 15565 | Lair:2   | Noticed Sonja
 16288 | Abyss:2  | Cast into level 2 of the Abyss (Sonja)
 16328 | Abyss:2  | Noticed a bone dragon
 16381 | Abyss:3  | Noticed an Executioner
 16388 | Abyss:3  | Reached skill level 10 in Fighting
 16447 | Abyss:3  | Noticed a black draconian
 16458 | Abyss:3  | Noticed a starcursed mass
 16487 | Abyss:3  | Noticed a tentacled starspawn
 16494 | Abyss:3  | Noticed a cacodemon
 16505 | Abyss:3  | HP: 3/113 [tentacled starspawn (16)]
 16505 | Abyss:3  | Annihilated by a tentacled starspawn

Illustrated notes

Levels and vault maps discovered:
D:1:      lemuel_arrival_room, layout_basic, minmay_cupped
D:2:      layout_loops_ring
D:3:      layout_loops_cross, gammafunk_ghost_gnarly_gnolls, nrook_campfire
D:4:      gammafunk_cloud_chamber, layout_basic, uniq_natasha, uniq_grinder
D:5:      layout_cave_pools, temple_pool_b, amcnicky_mini_rare_corridor_liquid,
          minmay_misc_feat_tiny
D:6:      minmay_chambers_of_fours, layout_basic, fedhas_bush_and_centaur_altar,
          uniq_pikel, uniq_prince_ribbit1
D:7:      layout_rooms, enter_bailey_5, grunt_decor_clamped
D:8:      layout_rooms, david_lair_generic, minmay_misc_feat_ornament,
          hangedman_decor_lopped, nicolae_shop_vocational
D:9:      layout_rooms, serial_ice, serial_ice_i, serial_ice_g, serial_ice_f,
          serial_ice_d, serial_shops, nicolae_shop_advertising_works
          [nicolae_subvault_shop_adworks], uniq_harold, uniq_gastronok,
          uniq_erica
Temple:   hellmonk_temple_of_storms
Lair:1:   layout_gridlike, serial_bayou_pond_a, dpeg_stationary_puzzle,
          infiniplex_staircase_pool_2, grunt_megastairs_4
Lair:2:   layout_gridlike, nicolae_shoals_entry_roost,
          nicolae_volcano_entry_two_sided, basic_altar, st_stairs_11,
          kennysheep_snail_temple, uniq_amaemon, uniq_sonja
Lair:3:   regret_index_combs_of_tragedy, layout_chaotic_city,
          minmay_snake_entry_guardpost_large, kennysheep_catoblepas_arena
Abyss:3:  base: IceCv, gammafunk_abyss_exit_x_factor,
          hangedman_stitches_earthworm, guppyfry_abyss_exit_imp_island

Skill      XL: |  1  2  3  4  5  6  7  8  9 10 11 12 |
---------------+-------------------------------------+-----
Fighting       | 3 4 5 6 7 8 9 10 | 10.0
Maces & Flails | 3 4 5 6 7 |  7.3
Armour         | 3 4 5 7 9 10 12 | 12.5
Dodging        | 2 3 4 5 6 7 8 |  8.1
Axes           | 3 5 6 |  6.0

Action                   |  1- 3 |  4- 6 |  7- 9 | 10-12 || total
-------------------------+-------+-------+-------+-------++-------
Melee: Mace              |   105 |   144 |   292 |       ||   541
       Tailslap          |    13 |    12 |    42 |    56 ||   123
       Punch             |     1 |     1 |     4 |       ||     6
       Hand axe          |       |       |    20 |       ||    20
       Great mace        |       |       |       |   432 ||   432
       War axe           |       |       |       |    17 ||    17
Throw: Boomerang         |       |       |       |     9 ||     9
Invok: Berserk           |     1 |     4 |    13 |     6 ||    24
       Trog's Hand       |       |       |     1 |       ||     1
  Use: Scroll            |     4 |     2 |     4 |    21 ||    31
       Potion            |       |     1 |     3 |    13 ||    17
Armor: Animal skin       |     7 |       |       |       ||     7
       Ring mail         |     6 |       |       |       ||     6
       Chain mail        |    58 |    78 |   232 |   560 ||   928
Dodge: Dodged            |    42 |    42 |   130 |   251 ||   465
Block: Other             |    12 |    40 |    84 |   160 ||   296
       Reflection        |     1 |       |     3 |     9 ||    13

Table legend: (Time is in decaauts)
 A = Elapsed time spent in this place.
 B = Non-inter-level travel time spent in this place.
 C = Inter-level travel time spent in this place.
 D = Time resting spent in this place.
 E = Time spent auto-exploring this place.
 F = Levels seen in this place.
 G = Mean time per level.
                   A        B        C        D        E       F      G
               +--------+--------+--------+--------+--------+-----+--------+
         Total |  16922 |  16505 |    417 |   8136 |   5336 |  16 | 1057.6 |
       Dungeon |  11419 |  11046 |    373 |   4809 |   4584 |   9 | 1268.8 |
        Temple |    101 |     80 |     21 |      0 |      0 |   1 |  101.0 |
          Lair |   4071 |   4050 |     21 |   2535 |    752 |   3 | 1357.0 |
         Abyss |    229 |    229 |      0 |     67 |      0 |   2 |  114.5 |
        Bailey |   1100 |   1100 |      0 |    723 |      0 |   1 | 1100.0 |
               +--------+--------+--------+--------+--------+-----+--------+

Top non-repeatable levels by time:
     D:6: 3022 daAuts
  Lair:1: 2794 daAuts
     D:8: 1704 daAuts
     D:7: 1506 daAuts
     D:4: 1486 daAuts
  Bailey: 1100 daAuts
  Lair:2: 1002 daAuts
     D:3: 966 daAuts
     D:1: 794 daAuts
     D:5: 755 daAuts
     D:2: 727 daAuts
     D:9: 455 daAuts
  Lair:3: 274 daAuts
 Abyss:3: 154 daAuts
  Temple: 101 daAuts
